 Dungeon Crawl Stone Soup version 0.31.0-11-ge490571c62 (webtiles) character file.

Game seed: 5695440024045091481

360 qw the Ducker (level 6, -7/30 HPs)
             Began as a Spriggan Hunter on Feb 4, 2024.
             Killed from afar by a steam dragon (20 damage)
             ... with a ball of steam
             ... on level 4 of the Dungeon.
             The game lasted 00:00:12 (2473 turns).

qw the Ducker (Spriggan Hunter)                     Turns: 2473, Time: 00:00:13

Health: -7/30      AC:  4    Str: 13    XL:     6   Next: 38%
Magic:  7/7        EV: 22    Int: 11    God:
Gold:   120        SH:  0    Dex: 20    Spells: 5/5 levels left

rFire   . . .        a - +0 shortbow
rCold   . . .        (shield currently unavailable)
rNeg    . . .        c - +0 robe
rPois   .            h - +1 hat
rElec   .            i - +0 cloak
rCorr   .            (gloves unavailable)
SInv    +            (boots unavailable)
Will    +....        (no amulet)
Stlth   ++           f - +6 ring of strength
HPRegen 0.25/turn    (no ring)
MPRegen 0.10/turn

%: no passive effects
@: very quick
A: very small, no large weapons, unfitting armour, see invisible, speed 3
a: no special abilities


You were on level 4 of the Dungeon.
You visited 1 branch of the dungeon, and saw 4 of its levels.

You collected 120 gold pieces.


Innate Abilities, Weirdness & Mutations

You are very small and have problems with some larger weapons.
You are too small for most types of armour.
You have supernaturally acute eyesight. (SInv)
You cover ground extremely quickly. (Speed+++)


   Skills:
 - Level 2.1 Fighting
 + Level 5.6 Ranged Weapons
 - Level 7.0 Dodging
 - Level 1.5 Stealth


You had 5 spell levels left.
You didn't know any spells.
Your spell library was empty.

Inventory:

Hand Weapons
 a - a +0 shortbow (weapon)
Armour
 c - a +0 robe (worn)
 h - a +1 hat (worn)
 i - a +0 cloak (worn)
Jewellery
 f - a +6 ring of strength (left hand)
Scrolls
 b - a scroll of vulnerability {unknown}
 g - a scroll of identify
Potions
 d - 5 potions of curing
 e - 2 potions of heal wounds
 j - a potion of brilliance {unknown}

Dungeon Overview and Level Annotations

Branches:
Dungeon (4/15)
 Temple: D:4-7

Altars:
Wu Jian

Shops:
D:2 =   D:3 (

Annotations:
D:2 1 runed translucent door, Crazy Yiuf


Message History

You climb downwards.
Found a scroll labelled UCIJANWYSO.
There is a stone staircase leading up here.
Waypoint 3 assigned to D:4.
b - a scroll labelled UCIJANWYSO
There is a stone staircase leading up here.
g - a scroll of identify A steam dragon comes into view.
The steam dragon hisses angrily.
You see here 12 gold pieces.
You shoot an arrow. The arrow hits the steam dragon.
The steam dragon is lightly wounded.
The steam dragon breathes steam at you. The ball of steam misses you.
You hear a shout! x2
You shoot an arrow.
The arrow barely misses the steam dragon.
You are engulfed in a cloud of scalding steam.
You shoot an arrow. The arrow hits the steam dragon.
The steam dragon is lightly wounded.
You are engulfed in a cloud of scalding steam.
The steam dragon closely misses you. The steam dragon barely misses you.
You shoot an arrow.
The arrow barely misses the steam dragon.
You are engulfed in a cloud of scalding steam.
The steam dragon misses you. The steam dragon closely misses you.
You shoot an arrow.
The arrow closely misses the steam dragon.
You are engulfed in a cloud of scalding steam.
The steam dragon closely misses you. x2
You shoot an arrow.
The arrow barely misses the steam dragon.
You are engulfed in a cloud of scalding steam.
The steam dragon closely misses you. The steam dragon barely misses you.
You shoot an arrow.
The arrow barely misses the steam dragon.
The steam dragon breathes steam at you. The ball of steam hits you!!
Ouch! That really hurt!
You die...

### .. #.. ##.# #.#
# .....##.##.#
#......D..#.# # #@#
#.# #.##.## #.# #.#
#.....# #.# #.#
####..# #.# #.#
#..# #.# #.#
#.####..###.#####.#
...............##.#
#.#########.##.##.#
##.##.##.#


You could see a steam dragon (catching breath).

Vanquished Creatures
  Grinder (D:3)
  A hound (D:3)
  A sleepcap (D:3)
  An orc wizard (D:3)
  4 adders
  An ufetubus (D:3)
  5 orcs (D:3)
  7 bats
  6 endoplasms
  3 giant cockroaches
  3 goblins
  8 hobgoblins
  3 jackals (D:3)
  2 quokkas
  A ball python (D:1)
  7 frilled lizards
  4 kobolds
  7 rats
65 creatures vanquished.

Notes
Turn   | Place    | Note
-------+----------+-------------------------------------------
     0 | D:1      | qw the Spriggan Hunter began the quest for the Orb.
     0 | D:1      | Reached XP level 1. HP: 10/10 MP: 2/2
     0 | D:1      | 0 ||| qw: Version: 0.3-a-160-g6735b56
     0 | D:1      | 0 ||| qw: Game counter: 5860
     0 | D:1      | 0 ||| qw: Melee chars always use a shield: true
     0 | D:1      | 0 ||| qw: God list: Okawaru
     0 | D:1      | 0 ||| qw: Allow faded altars: false
     0 | D:1      | 0 ||| qw: Do Orc after clearing Dungeon:15 true
     0 | D:1      | 0 ||| qw: Do second Lair branch before Depths: true
     0 | D:1      | 0 ||| qw: Lair rune preference: random
     0 | D:1      | 0 ||| qw: Goals: Normal
     0 | D:1      | 0 ||| PLANNING D:1-11
    25 | D:1      | Reached skill level 3 in Dodging
   162 | D:1      | Reached XP level 2. HP: 13/14 MP: 3/3
   414 | D:1      | Reached skill level 4 in Dodging
   543 | D:1      | 543 ||| DROPPING scarf of harm.
   544 | D:1      | 544 ||| READING 2 scrolls labelled MOANWOUSUY.
   544 | D:1      | 544 ||| IDENTIFYING sedimented silvery potion
   545 | D:1      | 545 ||| READING scroll of identify.
   545 | D:1      | 545 ||| IDENTIFYING orange potion
   546 | D:1      | 546 ||| DRINKING 3 puce potions.
   547 | D:1      | 547 ||| DROPPING scroll of butterflies.
   734 | D:2      | 734 ||| FLEEEEING.
   796 | D:2      | Reached XP level 3. HP: 18/18 MP: 4/4
  1146 | D:2      | Found a runed translucent door.
  1147 | D:2      | Noticed Crazy Yiuf
  1352 | D:2      | Found Plog's Jewellery Shop.
  1359 | D:2      | 1359 ||| SHOPLISTING amulet of faith (440 gold, have 97).
  1359 | D:2      | 1359 ||| SHOPLISTING amulet of the acrobat (330 gold, have
                  | 97).
  1359 | D:2      | 1359 ||| SHOPLISTING ring of Diaregun {Wiz rF+ Dex-4 SInv}
                  | (437 gold, have 97).
  1359 | D:2      | 1359 ||| SHOPLISTING ring of fire (275 gold, have 97).
  1437 | D:2      | 1437 ||| UPGRADING to +6 ring of strength.
  1438 | D:2      | 1438 ||| READING scroll labelled COMNEA JEWIRIO.
  1439 | D:2      | 1439 ||| READING scroll labelled JEIPEQ UPSESUE.
  1525 | D:3      | Reached XP level 4. HP: 13/22 MP: 5/5
  1608 | D:3      | Noticed Grinder
  1614 | D:3      | 1614 ||| DRINKING potion of haste.
  1622 | D:3      | Paralysed by Grinder for 4 turns
  1627 | D:3      | Killed Grinder
  1628 | D:3      | Reached skill level 7 in Dodging
  1628 | D:3      | Reached XP level 5. HP: 16/25 MP: 6/6
  1750 | D:3      | Reached XP level 6. HP: 30/30 MP: 7/7
  1761 | D:3      | Found Cigumit's Antique Weapon Boutique.
  2239 | D:3      | Found an ornate altar of the Wu Jian Council.
  2365 | D:3      | 2365 ||| UPGRADING to +1 hat.
  2370 | D:3      | 2370 ||| UPGRADING to +0 cloak.
  2375 | D:3      | 2375 ||| READING scroll labelled NEASIGHAIS.
  2376 | D:3      | 2376 ||| READING scroll labelled CUAFEO PIFI.
  2381 | D:3      | 2381 ||| READING scroll labelled TIGITE CO NEYSHRO.
  2382 | D:3      | 2382 ||| READING scroll labelled KIFIUS QOMIE.
  2466 | D:4      | Noticed a steam dragon
  2473 | D:4      | Killed from afar by a steam dragon

Levels and vault maps discovered:
D:1:      dpeg_arrival_tiny_a, layout_rooms, serial_forest,
          infiniplex_forest_clump_medium, infiniplex_forest_lined_2,
          infiniplex_forest_pool, infiniplex_forest_straight_4,
          infiniplex_forest_lined_ring, infiniplex_forest_diagonal,
          infiniplex_forest_lined_room_2, infiniplex_forest_join
D:2:      layout_basic, serial_shops, nicolae_shop_gaudy_bauble,
          minmay_hedge_maze, corner_web_ring, chequers_serial_rivers_small_a,
          kennysheep_path_1, minmay_surrounded, uniq_crazy_yiuf_cottage
D:3:      layout_loops_ring, marbit_many_paths, serial_shops, shop,
          hellmonk_no_cap, uniq_grinder
D:4:      layout_loops_ring, minmay_temple_entry_poolview, uniq_pikel

Skill      XL: |  1  2  3  4  5  6 |
---------------+-------------------+-----
Dodging        | 3 4 7 |  7.0
Ranged Weapons | 5 |  5.6
Fighting       | 2 |  2.1
Stealth        | |  1.5

Action                     |  1- 3 |  4- 6 || total
---------------------------+-------+-------++-------
   Fire: Shortbow          |   101 |    88 ||   189
    Use: Scroll            |     4 |     4 ||     8
         Potion            |     1 |     1 ||     2
 Armour: Robe              |     9 |    18 ||    27
  Dodge: Dodged            |    21 |    70 ||    91

Table legend:
 A = Non-vault XP
 B = Vault XP
 C = Vault XP percentage of total XP
 D = Non-vault monster count
 E = Vault monster count
 F = Vault count percentage of total count
                 A         B        C        D         E       F
            +---------+---------+-------+---------+---------+-------
      Total |     223 |     292 |  56.7 |      57 |       8 |  12.3
            +---------+---------+-------+---------+---------+-------
        D:1 |      23 |       0 |   0.0 |      14 |       0 |   0.0
        D:2 |      43 |       3 |   6.5 |      20 |       3 |  13.0
        D:3 |     157 |     289 |  64.8 |      23 |       5 |  17.9
            +---------+---------+-------+---------+---------+-------
